TOP OF THE 1ST |
---|
Nevada Noise batting - Pitching for Maui Tropics : RHP Ronald Cotton | Pitching: RHP Ronald Cotton | | Batting: RHB Pedro Rosado | 0-0: Ball 1-0: SINGLE (Groundball, 3D) | Batting: SHB Víctor Serrano | 0-0: Ball 1-0: Swinging Strike 1-1: Ball 2-1: Called Strike 2-2: Ball 3-2: Foul Ball, location: 2F 3-2: SINGLE (Groundball, 34D) Pedro Rosado to second Pedro Rosado to third | Batting: LHB Santiago Márquez | 0-0: SINGLE (Line Drive, 7S) Pedro Rosado scores Víctor Serrano to second | Batting: RHB Luis Cruz | 0-0: Called Strike 0-1: Fielders Choice at 2nd, 6-4 (Groundball, 56) Víctor Serrano to third | Batting: LHB Pablo Reyes | 0-0: Called Strike 0-1: Swinging Strike 0-2: Ground out 5-3 (Groundball, 56) Víctor Serrano scores Luis Cruz to second | Batting: RHB Fernando Gálvez | 0-0: Ball 1-0: Called Strike 1-1: Foul Ball, location: 2F 1-2: Ball 2-2: Reached on error, E6 (Groundball, 6S) Luis Cruz to third | Batting: LHB Milton Watson | 0-0: Ball 1-0: Fielders Choice at 2nd, U6 (Groundball, 6M) | Top of the 1st over - 2 runs, 3 hits, 1 error, 2 left on base; Nevada 2 - Maui 0 | BOTTOM OF THE 1ST |
---|
Maui Tropics batting - Pitching for Nevada Noise : RHP Isaac Pope | Pitching: RHP Isaac Pope | | Batting: RHB Roberto Gómez | 0-0: Ball 1-0: Ball 2-0: Ground out 6-3 (Groundball, 56D) | Batting: LHB Dave Cook | 0-0: Ball 1-0: Called Strike 1-1: SOLO HOME RUN (Flyball, 9D), Distance : 340 ft | Batting: RHB Jesús Espinoza | 0-0: Called Strike 0-1: Ball 1-1: Ball 2-1: SOLO HOME RUN (Flyball, 7D), Distance : 363 ft | Batting: LHB José Rivas | 0-0: Called Strike 0-1: Ball 1-1: Foul Ball, location: 2F 1-2: Strikes out swinging | Batting: LHB Luis Antonio Torres | 0-0: Ball 1-0: Called Strike 1-1: SINGLE (Line Drive, 4MD) | Batting: LHB Ernesto López | 0-0: Called Strike 0-1: Ground out 6-3 (Groundball, 6M) | Bottom of the 1st over - 2 runs, 3 hits, 0 errors, 1 left on base; Nevada 2 - Maui 2 | TOP OF THE 2ND |
---|
Nevada Noise batting - Pitching for Maui Tropics : RHP Ronald Cotton | Batting: RHB Jorge Márquez | 0-0: Ground out 5-3 (Groundball, 56S) | Batting: LHB Raúl Morales | 0-0: Called Strike 0-1: Called Strike 0-2: Foul Ball, location: 2F 0-2: Strikes out swinging | Batting: RHB Pedro Rosado | 0-0: Called Strike 0-1: Ball 1-1: Foul Ball, location: 2F 1-2: Strikes out swinging | Top of the 2nd over - 0 runs, 0 hits, 0 errors, 0 left on base; Nevada 2 - Maui 2 | BOTTOM OF THE 2ND |
---|
Maui Tropics batting - Pitching for Nevada Noise : RHP Isaac Pope | Batting: RHB Michael Woodruff | 0-0: Ball 1-0: Ground out 6-3 (Groundball, 6S) | Batting: RHB Matt Silver | 0-0: Bunt for hit - play at first, batter safe! | Batting: RHB Bo Vickers | 0-0: Ball 1-0: Ball 2-0: Foul Ball, location: 2F 2-1: Ball 3-1: Base on Balls Matt Silver to second | Batting: RHB Roberto Gómez | 0-0: Ball 1-0: Foul Ball, location: 2F 1-1: Called Strike 1-2: Fly out, F8 (Flyball, 8LD) | Batting: LHB Dave Cook | 0-0: Foul Ball, location: 2F 0-1: Foul Ball, location: 2F 0-2: Ball 1-2: Ball 2-2: Reached on error, E3 (Groundball, 3L) Matt Silver to third Bo Vickers to second | Batting: RHB Jesús Espinoza | 0-0: Ball 1-0: Ball 2-0: Foul Ball, location: 2F 2-1: Ball 3-1: Base on Balls Matt Silver scores Bo Vickers to third Dave Cook to second | Batting: LHB José Rivas | 0-0: Ball 1-0: Ball 2-0: Swinging Strike 2-1: Ground out 5-3 (Groundball, 56) | Bottom of the 2nd over - 1 run, 1 hit, 1 error, 3 left on base; Nevada 2 - Maui 3 | TOP OF THE 3RD |
---|
Nevada Noise batting - Pitching for Maui Tropics : RHP Ronald Cotton | Batting: SHB Víctor Serrano | 0-0: Fly out, F8 (Flyball, 8RD) | Batting: LHB Santiago Márquez | 0-0: Called Strike 0-1: Foul Ball, location: 2F 0-2: Ball 1-2: Foul Ball, location: 2F 1-2: Strikes out swinging | Batting: RHB Luis Cruz | 0-0: Called Strike 0-1: Ball 1-1: Foul Ball, location: 2F 1-2: Ground out U3 (Groundball, 34) | Top of the 3rd over - 0 runs, 0 hits, 0 errors, 0 left on base; Nevada 2 - Maui 3 | BOTTOM OF THE 3RD |
---|
Maui Tropics batting - Pitching for Nevada Noise : RHP Isaac Pope | Batting: LHB Luis Antonio Torres | 0-0: Ball 1-0: Fly out, F1 (Line Drive, 13) | Batting: LHB Ernesto López | 0-0: Ball 1-0: Ball 2-0: DOUBLE (Line Drive, 89M) | Batting: RHB Michael Woodruff | 0-0: Ball 1-0: Ball 2-0: Swinging Strike 2-1: Ball 3-1: Called Strike 3-2: Strikes out swinging | Batting: RHB Matt Silver | 0-0: Fly out, F7 (Flyball, 7) | Bottom of the 3rd over - 0 runs, 1 hit, 0 errors, 1 left on base; Nevada 2 - Maui 3 | TOP OF THE 4TH |
---|
Nevada Noise batting - Pitching for Maui Tropics : RHP Ronald Cotton | Batting: LHB Pablo Reyes | 0-0: Ground out U3 (Groundball, 3) | Batting: RHB Fernando Gálvez | 0-0: Called Strike | |
---|
| | 0-1: Ball 1-1: Ball 2-1: Foul Ball, location: 2F 2-2: Foul Ball, location: 2F 2-2: Foul Ball, location: 2F 2-2: Strikes out swinging | Batting: LHB Milton Watson | 0-0: Ball 1-0: Called Strike 1-1: Foul Ball, location: 2F 1-2: Strikes out swinging | Top of the 4th over - 0 runs, 0 hits, 0 errors, 0 left on base; Nevada 2 - Maui 3 | BOTTOM OF THE 4TH |
---|
Maui Tropics batting - Pitching for Nevada Noise : RHP Isaac Pope | Batting: RHB Bo Vickers | 0-0: Ball 1-0: Fly out, F7 (Flyball, 7D) | Batting: RHB Roberto Gómez | 0-0: Fly out, F8 (Flyball, 8LXD) | Batting: LHB Dave Cook | 0-0: Foul Ball, location: 2F 0-1: Ball 1-1: Ball 2-1: SOLO HOME RUN (Flyball, 9D), Distance : 355 ft | Batting: RHB Jesús Espinoza | 0-0: Foul Ball, location: 2F 0-1: Called Strike 0-2: Ball 1-2: Ground out U3 (Groundball, 34) | Bottom of the 4th over - 1 run, 1 hit, 0 errors, 0 left on base; Nevada 2 - Maui 4 | TOP OF THE 5TH |
---|
Nevada Noise batting - Pitching for Maui Tropics : RHP Ronald Cotton | Batting: RHB Jorge Márquez | 0-0: Ball 1-0: Swinging Strike 1-1: Ball 2-1: Foul Ball, location: 2F 2-2: Strikes out swinging | Batting: LHB Raúl Morales | 0-0: Called Strike 0-1: Ball 1-1: Called Strike 1-2: Strikes out swinging | Batting: RHB Pedro Rosado | 0-0: Ball 1-0: Foul Ball, location: 2F 1-1: Ball 2-1: Called Strike 2-2: Ball 3-2: Fly out, F7 (Flyball, 78M) | Top of the 5th over - 0 runs, 0 hits, 0 errors, 0 left on base; Nevada 2 - Maui 4 | BOTTOM OF THE 5TH |
---|
Maui Tropics batting - Pitching for Nevada Noise : RHP Isaac Pope | Batting: LHB José Rivas | 0-0: Ball 1-0: Ball 2-0: Foul Ball, location: 2F 2-1: SINGLE (Flyball, 4MD) | Batting: LHB Luis Antonio Torres | 0-0: Ball 1-0: Called Strike 1-1: DOUBLE (Line Drive, 7LD) José Rivas to third | Batting: LHB Ernesto López | 0-0: Ball 1-0: Called Strike 1-1: Ball 2-1: Swinging Strike 2-2: Foul Ball, location: 2F 2-2: Ground out 1-3 (Groundball, 13) | Batting: RHB Michael Woodruff | 0-0: Ball 1-0: Ball 2-0: Called Strike 2-1: Fly out, F9 (Flyball, 89D) Runner from 3rd tags up, SCORES, throw made | Batting: RHB Matt Silver | 0-0: Called Strike 0-1: Foul Ball, location: 2F 0-2: DOUBLE (Line Drive, 8LXD) Luis Antonio Torres scores | Batting: RHB Bo Vickers | 0-0: Called Strike 0-1: Fly out, F7 (Flyball, 7LM) | Bottom of the 5th over - 2 runs, 3 hits, 0 errors, 1 left on base; Nevada 2 - Maui 6 | TOP OF THE 6TH |
---|
Nevada Noise batting - Pitching for Maui Tropics : RHP Ronald Cotton | Batting: SHB Víctor Serrano | 0-0: Ball 1-0: Ground out U3 (Groundball, 3) | Batting: LHB Santiago Márquez | 0-0: Ball 1-0: Ball 2-0: Called Strike 2-1: Ball 3-1: SINGLE (Line Drive, 7LS) | Batting: RHB Luis Cruz | 0-0: Fly out, F8 (Flyball, 8LXD) | Batting: LHB Pablo Reyes | 0-0: Foul Ball, location: 2F 0-1: Ball 1-1: Called Strike 1-2: Hit by Pitch Santiago Márquez to second | Batting: RHB Fernando Gálvez | 0-0: Ball 1-0: Ball 2-0: SINGLE (Groundball, 34D) Santiago Márquez to third Pablo Reyes to second Runner from 3rd tries for Home, SAFE, throw made home | Batting: LHB Milton Watson | 0-0: Ball 1-0: Foul Ball, location: 2F 1-1: Foul Ball, location: 2F 1-2: Strikes out swinging | Top of the 6th over - 1 run, 2 hits, 0 errors, 2 left on base; Nevada 3 - Maui 6 | BOTTOM OF THE 6TH |
---|
Maui Tropics batting - Pitching for Nevada Noise : RHP Isaac Pope | Batting: RHB Roberto Gómez | 0-0: Ball 1-0: Ball 2-0: Called Strike 2-1: Foul Ball, location: 2F 2-2: Ball 3-2: Strikes out swinging | Batting: LHB Dave Cook | 0-0: Swinging Strike 0-1: Ball 1-1: SOLO HOME RUN (Flyball, 9LD), Distance : 338 ft | Batting: RHB Jesús Espinoza | 0-0: Called Strike 0-1: Ball 1-1: Ball 2-1: Foul Ball, location: 2F 2-2: Ball 3-2: Foul Ball, location: 2F 3-2: Ground out 6-3 (Groundball, 6) | Batting: LHB José Rivas | 0-0: Swinging Strike 0-1: Called Strike 0-2: Ball 1-2: Foul Ball, location: 2F 1-2: Ball 2-2: Foul Ball, location: 2F 2-2: Ball 3-2: Foul Ball, location: 2F 3-2: Ground out 4-3 (Groundball, 4S) | Bottom of the 6th over - 1 run, 1 hit, 0 errors, 0 left on base; Nevada 3 - Maui 7 | TOP OF THE 7TH |
---|
Nevada Noise batting - Pitching for Maui Tropics : RHP Ronald Cotton | Batting: RHB Jorge Márquez | 0-0: Swinging Strike 0-1: Ball 1-1: Called Strike 1-2: Strikes out swinging | Batting: LHB Raúl Morales | 0-0: Called Strike 0-1: Foul Ball, location: 2F 0-2: Strikes out swinging | Batting: RHB Pedro Rosado | 0-0: Ball 1-0: SINGLE (Groundball, 25) (infield hit) | Batting: SHB Víctor Serrano | 0-0: Ball Pedro Rosado steals 2nd base 1-0: Ball 2-0: Foul Ball, location: 2F 2-1: Called Strike 2-2: Foul Ball, location: 2F 2-2: Strikes out swinging | Top of the 7th over - 0 runs, 1 hit, 0 errors, 1 left on base; Nevada 3 - Maui 7 | BOTTOM OF THE 7TH |
---|
Maui Tropics batting - Pitching for Nevada Noise : RHP Isaac Pope | Pitching: RHP Manuel González | | Batting: LHB Luis Antonio Torres | 0-0: DOUBLE (Line Drive, 78D) | Batting: LHB Ernesto López | 0-0: Intentional Walk | Batting: RHB Michael Woodruff | 0-0: Ball 1-0: Foul Ball, location: 2F 1-1: Swinging Strike 1-2: Ball 2-2: Strikes out looking | Batting: RHB Matt Silver | 0-0: Ball 1-0: Ball 2-0: Ball 3-0: Called Strike 3-1: Base on Balls Luis Antonio Torres to third Ernesto López to second | Batting: RHB Bo Vickers | 0-0: Called Strike 0-1: Called Strike 0-2: Ball 1-2: Ball 2-2: SINGLE (Groundball, 56D) Luis Antonio Torres scores Ernesto López to third Matt Silver to second Runner from 3rd tries for Home, SAFE, no throw | Batting: RHB Roberto Gómez | 0-0: Called Strike 0-1: Swinging Strike 0-2: Ball 1-2: Strikes out swinging | Batting: LHB Dave Cook | 0-0: Ball 1-0: Ball 2-0: Ball 3-0: Base on Balls Matt Silver to third Bo Vickers to second | Batting: RHB Jesús Espinoza | 0-0: Foul Ball, location: 2F 0-1: Ball 1-1: DOUBLE (Line Drive, 7LM) Matt Silver scores Bo Vickers scores Dave Cook to third Runner from 3rd tries for Home, SAFE, no throw | Batting: LHB José Rivas | 0-0: Ball 1-0: Ball 2-0: Ball 3-0: Called Strike 3-1: Base on Balls | Batting: LHB Luis Antonio Torres | 0-0: Ball 1-0: Ball 2-0: Foul Ball, location: 2F 2-1: Foul Ball, location: 2F 2-2: Ball 3-2: SINGLE (Groundball, 34D) Jesús Espinoza to third José Rivas to second Jesús Espinoza scores José Rivas to third | Batting: LHB Ernesto López | 0-0: Called Strike 0-1: Ball 1-1: Ball 2-1: Swinging Strike 2-2: Fly out, F7 (Flyball, 78M) | Bottom of the 7th over - 6 runs, 4 hits, 0 errors, 2 left on base; Nevada 3 - Maui 13 | TOP OF THE 8TH |
---|
Nevada Noise batting - Pitching for Maui Tropics : RHP Ronald Cotton | Batting: LHB Santiago Márquez | 0-0: Ball 1-0: Foul Ball, location: 2F 1-1: Foul Ball, location: 2F 1-2: Ball 2-2: Foul Ball, location: 2F 2-2: Foul Ball, location: 2F 2-2: Ball 3-2: Fly out, F8 (Line Drive, 89XD) | Batting: RHB Luis Cruz | 0-0: Ball 1-0: Called Strike 1-1: SINGLE (Groundball, 4MD) | Batting: LHB Pablo Reyes | 0-0: Ball 1-0: Swinging Strike 1-1: Called Strike 1-2: Foul Ball, location: 2F 1-2: Ball 2-2: Strikes out looking | Batting: RHB Fernando Gálvez | 0-0: Called Strike 0-1: Swinging Strike 0-2: Fly out, F8 (Flyball, 8RXD) | Top of the 8th over - 0 runs, 1 hit, 0 errors, 1 left on base; Nevada 3 - Maui 13 | BOTTOM OF THE 8TH |
---|
Maui Tropics batting - Pitching for Nevada Noise : RHP Manuel González | Batting: RHB Michael Woodruff | 0-0: Ball 1-0: Ground out 4-3 (Groundball, 4) | Batting: RHB Matt Silver | 0-0: Called Strike 0-1: Ball 1-1: Ground out 6-3 (Groundball, 6) | Batting: RHB Bo Vickers | 0-0: DOUBLE (Groundball, 5L) | Batting: RHB Roberto Gómez | 0-0: Swinging Strike 0-1: Ball 1-1: Swinging Strike 1-2: Strikes out looking | Bottom of the 8th over - 0 runs, 1 hit, 0 errors, 1 left on base; Nevada 3 - Maui 13 | TOP OF THE 9TH |
---|
Nevada Noise batting - Pitching for Maui Tropics : RHP Ronald Cotton | Batting: LHB Milton Watson | 0-0: Ball 1-0: Ball 2-0: Ball 3-0: Base on Balls | Pitching: RHP César Rúbio | | Batting: RHB Jorge Márquez | 0-0: Fly out, F9 (Flyball, 89M) | Batting: LHB Raúl Morales | 0-0: Called Strike 0-1: Ball 1-1: Fielders Choice at 2nd, 4-6 (Groundball, 34) | Batting: RHB Pedro Rosado | 0-0: DOUBLE (Groundball, 3L) Raúl Morales to third | Batting: SHB Víctor Serrano | 0-0: Foul Ball, location: 2F 0-1: Swinging Strike 0-2: Ball 1-2: Foul Ball, location: 2F 1-2: Ball 2-2: Ball 3-2: Strikes out swinging | Top of the 9th over - 0 runs, 1 hit, 0 errors, 2 left on base; Nevada 3 - Maui 13 | | Saturday, December 16th, 2017 - OOTP Baseball 18.8 Build 76 | |